AoeStats
← Rebel.

Arena

507996774Analyzed
4v4 RM · 12d ago on Sep 20, 2026· 16m 59s· 8 players
Game mode
Random Map
Map size
Large (8 player)
Population
200
Speed
Normal
Resources
Standard
Victory
Conquest
Starting age
Dark Age
Ending age
Imperial Age
RankedLock teamsTeams togetherTeam positionsShared explorationLock speedFull tech treeHidden civsTurbo modeCheats
Victory
Defeat
🇨🇳 Armenians · China
942
+17
🇨🇳 Cumans · China
941
+17
🇨🇳 Khmer · China
940
+17
🇨🇳 Persians · China
869
+21
🇨🇳 Khmer · China
991
-19
🇺🇸 Teutons · United States
984
-19
🇨🇳 Franks · China
949
-50
🇮🇱 Armenians · Israel
947
-17
KANGNANBAIQI
15:01 Feudal Age
aoc2020
10:59 Feudal Age
14:16 Castle Age
16:24 Double-Bit Axe
16:20 Horse Collar
LazyDonkey
10:52 Feudal Age
11:24 Horse Collar
15:47 Castle Age
14:29 Double-Bit Axe
Derbish
2:58 Loom
10:26 Feudal Age
19:09 Castle Age
秋绥冬禧
11:55 Feudal Age
13:18 Double-Bit Axe
13:17 Horse Collar
13:31 Gold Mining
闲挂月
10:34 Feudal Age
11:24 Double-Bit Axe
11:26 Man-at-Arms
12:25 Long Swordsman
12:57 Long Swordsman
17:14 Forging
Rebel.
12:30 Feudal Age
12:59 Horse Collar
14:38 Wheelbarrow
14:52 Double-Bit Axe
15:00 Gold Mining
泰达津布曲
11:35 Feudal Age
12:08 Double-Bit Axe
12:07 Horse Collar
17:03 Castle Age
Connection lost

Rejoining the realm…

Still unreachable

The connection could not be restored.

Session expired

The server has moved on; the page needs a fresh start.